 Dungeon Crawl Stone Soup version 0.29.1-13-g9f3cf754e1 (webtiles) character file.

Game seed: 10459935656763159080

6041 cheesebisquit the Fighter (level 10, -8/72 HPs)
             Began as a Gargoyle Hunter on Jan 19, 2023.
             Was a Believer of Okawaru.
             Mangled by a six-headed hydra (13 damage)
             ... on level 8 of the Dungeon.
             The game lasted 00:39:13 (8552 turns).

cheesebisquit the Fighter (Gargoyle Hunter)         Turns: 8552, Time: 00:39:13

Health: -8/72      AC: 20    Str: 14    XL:     10   Next: 86%
Magic:  10/10      EV: 11    Int: 17    God:    Okawaru [**....]
Gold:   254        SH:  5    Dex: 17    Spells: 9/9 levels left

rFire   + . .      SeeInvis .   D - +1 shortbow (venom)
rCold   . . .      Faith    .   (shield currently unavailable)
rNeg    + . .      Spirit   .   a - +2 ring mail {rF+}
rPois   ∞          Reflect  +   M - +2 hat {Stlth+}
rElec   +          Harm     .   c - +0 cloak
rCorr   .          Rampage  .   G - +2 pair of gloves {infuse}
Will    .....                   (no boots)
Stlth   ++........              h - amulet of reflection
HPRegen 0.22/turn               L - +6 ring of intelligence
MPRegen 0.12/turn               (no ring)

@: invisible
A: sickness immunity, AC +7, negative energy resistance 1, electricity
resistance, torment resistance 1, petrification resistance
a: Renounce Religion, Heroism


You were on level 8 of the Dungeon.
You worshipped Okawaru.
Okawaru was pleased with you.
You visited 2 branches of the dungeon, and saw 9 of its levels.

You collected 544 gold pieces.
You spent 290 gold pieces at shops.

Inventory:

Hand Weapons
 D - a +1 shortbow of venom (weapon)
Missiles
 m - 5 silver javelins
 w - 3 poisoned darts
Armour
 a - a +2 ring mail of fire resistance (worn)
 c - a +0 cloak (worn)
 G - a +2 pair of gloves of infusion (worn)
 M - a +2 hat of stealth (worn)
Jewellery
 h - an amulet of reflection (around neck)
 L - a +6 ring of intelligence (left hand)
Wands
 E - a wand of flame (21)
 I - a wand of paralysis (8)
Scrolls
 b - 2 scrolls of immolation
 f - 3 scrolls of blinking
 g - a scroll of fear {unknown}
 j - a scroll of amnesia
 l - a scroll of poison
 p - a scroll of vulnerability
 q - 7 scrolls of teleportation
 r - a scroll of noise {unknown}
 s - a scroll of enchant armour {unknown}
 y - 4 scrolls of magic mapping
 C - 2 scrolls of brand weapon
 F - a scroll of enchant weapon {unknown}
 J - a scroll of silence {unknown}
 K - 2 scrolls of identify
Potions
 d - 3 potions of flight
 e - a potion of ambrosia
 i - a potion of resistance
 k - a potion of might {unknown}
 n - 2 potions of attraction
 o - 5 potions of curing
 u - 3 potions of brilliance
 v - 4 potions of lignification
 x - a potion of magic {unknown}
 z - a potion of invisibility
 A - 3 potions of heal wounds
 B - a potion of degeneration {unknown}
 H - a potion of cancellation {unknown}


   Skills:
 + Level 12.4 Fighting
 + Level 11.9 Ranged Weapons
 - Level 2.0 Dodging
 - Level 1.9 Stealth


You had 9 spell levels left.
You didn't know any spells.
Your spell library contained the following spells:

 Spells                   Type           Power      Damage    Failure   Level
 Apportation              Tloc           0%         N/A       43%         1
 Necrotise                Necr           0%         1d4       43%         1
 Gell's Gravitas          Tloc           0%         N/A       82%         3
 Portal Projectile        Hex/Tloc       0%         N/A       82%         3
 Airstrike                Air            0%         2d(0-16)  99%         4
 Summon Small Mammal      Summ           Unusable   N/A       N/A         1
 Summon Forest            Summ/Tloc      Unusable   N/A       N/A         5
 Summon Mana Viper        Hex/Summ       Unusable   N/A       N/A         5
 Summon Cactus Giant      Summ           Unusable   N/A       N/A         6

Dungeon Overview and Level Annotations

Branches:
Dungeon (8/15)             Temple (1/1) D:7
   Lair: D:8-11

Altars:
Ashenzari
Cheibriados
Dithmenos
Elyvilon
Fedhas
Gozag
Hepliaklqana
Kikubaaqudgha
Makhleb
Nemelex Xobeh
Okawaru
Qazlal
Ru
Sif Muna
Trog
Uskayaw
Vehumet
Wu Jian
Xom
Yredelemnul
The Shining One
Lugonu

Shops:
D:4 ?

Annotations:
D:4 2 runed translucent doors
D:7 2 transporters


Innate Abilities, Weirdness & Mutations

You are immune to sickness and miasma.
Your stone body is resilient. (AC +7)
You are immune to poison.
You resist negative energy. (rN+)
You are resistant to electric shocks. (rElec)
You are resistant to unholy torment.
You are immune to petrification.


Message History

The six-headed hydra closely misses you.
The six-headed hydra bites you.
The six-headed hydra bites you but does no damage.
The six-headed hydra barely misses you.
You block the six-headed hydra's attack.
The six-headed hydra barely misses you.
Fire: D) +1 shortbow (venom)
Press: ? - help, Q - select action, (/) - cycle Shift-Dir - straight line, f/p - six-headed hydra
Aim: a six-headed hydra (severely wounded, extremely poisoned, 84% to hit)
You shoot an arrow. The arrow hits the six-headed hydra.
The six-headed hydra is severely wounded.
The six-headed hydra bites you!
The six-headed hydra completely misses you.
The six-headed hydra misses you.
The six-headed hydra barely misses you. x2
The six-headed hydra bites you but does no damage.
Fire: D) +1 shortbow (venom)
Press: ? - help, Q - select action, (/) - cycle Shift-Dir - straight line, f/p - six-headed hydra
Aim: a six-headed hydra (severely wounded, very poisoned, 84% to hit)
You shoot an arrow.
The arrow barely misses the six-headed hydra.
The six-headed hydra misses you. The six-headed hydra bites you.
* * * LOW HITPOINT WARNING * * *
You block the six-headed hydra's attack.
The six-headed hydra bites you but does no damage.
The six-headed hydra bites you!
* * * LOW HITPOINT WARNING * * *
The six-headed hydra bites you!
* * * LOW HITPOINT WARNING * * *
You feel much better. The six-headed hydra barely misses you.
The six-headed hydra bites you but does no damage. x2
The six-headed hydra bites you!
* * * LOW HITPOINT WARNING * * *
You block the six-headed hydra's attack.
The six-headed hydra bites you!
* * * LOW HITPOINT WARNING * * *
A purple ugly thing comes into view.
You fade into invisibility!
The six-headed hydra bites you but does no damage.
The six-headed hydra bites you!
You die...

..........#..#.....#..#.###.
..........#..#######..#..#
..........##..#.#.#..## #.#
...........##.......## .#
.........#..##.....## .
..........#..###.###
).........##.#.....#
..........# .#.##†##
..........# ..##@##
..........##.##D##
..........##.#.uc..#
######..>.#. ###o### # .....
.# .# n# .# #F


You could see a six-headed hydra (unable to see you, very poisoned) and a purple
ugly thing (unable to see you).

Vanquished Creatures
  Gastronok (D:8)
  Pikel (D:6)
  Psyche (D:8)
  A hornet (D:7)
  Grinder (D:3)
  A shadow (D:8)
  A wyvern (D:8)
  A basilisk (D:8)
  A steam dragon (D:6)
  Eustachio (D:5)
  4 water moccasins
  An orc warrior (D:6)
  An ice beast (D:7)
  4 black bears
  3 ogres
  3 centaurs
  A lemure (D:6)
  6 bullfrogs
  7 wights
  A howler monkey (D:4)
  7 hounds
  2 gnoll boudas
  2 jellies
  3 orc priests
  An iron imp (D:6)
  An iguana (D:7)
  3 orc wizards
  17 gnolls
  7 adders
  A shadow imp (D:6)
  A white imp (D:6)
  2 ufetubi
  5 worms
  3 dart slugs
  24 orcs
  7 endoplasms
  3 giant cockroaches
  6 hobgoblins
  5 jackals (D:2)
  2 quokkas
  7 ball pythons
  8 bats
  3 frilled lizards
  9 goblins
  6 kobolds
  8 rats
184 creatures vanquished.

Vanquished Creatures (others)
  3 fungi (D:7)
3 creatures vanquished.

Grand Total: 187 creatures vanquished

Notes
Turn   | Place    | Note
-------+----------+-------------------------------------------
     0 | D:1      | cheesebisquit the Gargoyle Hunter began the quest for the
                  | Orb.
     0 | D:1      | Reached XP level 1. HP: 12/12 MP: 1/1
   154 | D:1      | Reached XP level 2. HP: 18/18 MP: 2/2
   592 | D:1      | Reached XP level 3. HP: 22/22 MP: 3/3
   618 | D:1      | Found a faded altar of an unknown god.
   824 | D:1      | Reached skill level 3 in Fighting
  1176 | D:2      | Reached XP level 4. HP: 28/28 MP: 4/4
  1324 | D:2      | Found a glowing golden altar of the Shining One.
  1727 | D:3      | Found a radiant altar of Vehumet.
  1832 | D:3      | Noticed a centaur
  2186 | D:3      | HP: 1/29 [centaur/arrow (7)]
  2187 | D:3      | Killed a centaur
  2188 | D:3      | Reached skill level 4 in Fighting
  2188 | D:3      | Reached skill level 5 in Ranged Weapons
  2188 | D:3      | Reached XP level 5. HP: 25/34 MP: 5/5
  2546 | D:3      | Noticed Grinder
  2561 | D:3      | Killed Grinder
  2562 | D:3      | Reached skill level 5 in Fighting
  2562 | D:3      | Reached XP level 6. HP: 36/40 MP: 6/6
  2848 | D:4      | Reached XP level 7. HP: 44/44 MP: 7/7
  2890 | D:4      | Found Deqotav's Magic Scroll Emporium.
  3192 | D:4      | Reached skill level 6 in Fighting
  3262 | D:4      | Found a large runed translucent door.
  3263 | D:4      | Found a large runed translucent door.
  3269 | D:4      | Found a large runed translucent door.
  3269 | D:4      | Found a large runed translucent door.
  3297 | D:4      | You fall into a shaft and drop 1 floor!
  3297 | D:5      | Entered Level 5 of the Dungeon
  3778 | D:4      | Bought a scroll of teleportation for 30 gold pieces
  3778 | D:4      | Bought a scroll of teleportation for 30 gold pieces
  3778 | D:4      | Bought a scroll of teleportation for 30 gold pieces
  3778 | D:4      | Bought a scroll of identify for 20 gold pieces
  3778 | D:4      | Bought a scroll of magic mapping for 75 gold pieces
  3778 | D:4      | Bought a scroll of teleportation for 30 gold pieces
  3778 | D:4      | Bought a scroll of blinking for 75 gold pieces
  4222 | D:4      | Reached XP level 8. HP: 49/52 MP: 8/8
  4235 | D:4      | Reached skill level 7 in Fighting
  4396 | D:4      | Got Tujevaog's Catalogue of Direction and the Lungs
  4688 | D:5      | Noticed Eustachio
  4697 | D:5      | Killed Eustachio
  5024 | D:5      | Reached skill level 8 in Fighting
  5483 | D:6      | Noticed Pikel
  5506 | D:6      | Killed Pikel
  5507 | D:6      | Reached skill level 9 in Fighting
  5507 | D:6      | Reached XP level 9. HP: 49/60 MP: 9/9
  5853 | D:6      | Found a snail-covered altar of Cheibriados.
  6036 | D:6      | Reached skill level 10 in Fighting
  6299 | D:6      | Reached skill level 10 in Ranged Weapons
  6541 | D:7      | Found a staircase to the Ecumenical Temple.
  6704 | D:7      | Reached XP level 10. HP: 66/68 MP: 10/10
  6772 | Temple   | Entered the Ecumenical Temple
  6772 | Temple   | Found a transporter.
  6772 | Temple   | Found a transporter.
  6774 | Temple   | Found a transporter.
  6774 | Temple   | Found a transporter.
  6836 | Temple   | Became a worshipper of Warmaster Okawaru
  6949 | D:7      | Reached skill level 11 in Fighting
  7254 | D:7      | Found a corrupted altar of Lugonu.
  7254 | D:7      | Found a transporter.
  7255 | D:7      | Noticed a red ugly thing
  7256 | D:7      | Noticed a red ugly thing
  7267 | D:7      | Noticed a red ugly thing
  7285 | D:7      | Found a blossoming altar of Fedhas.
  7622 | D:7      | Found a transporter.
  7632 | D:7      | Noticed a red ugly thing
  7764 | D:8      | Noticed Gastronok
  8070 | D:8      | Noticed Psyche
  8078 | D:8      | Killed Psyche
  8078 | D:8      | Reached * piety under Okawaru
  8132 | D:8      | Killed Gastronok
  8132 | D:8      | Reached ** piety under Okawaru
  8133 | D:8      | Reached skill level 12 in Fighting
  8543 | D:8      | Noticed a six-headed hydra
  8544 | D:8      | Noticed a centaur warrior
  8550 | D:8      | HP: 1/72 [six-headed hydra (12)]
  8552 | D:8      | Noticed a purple ugly thing
  8552 | D:8      | Mangled by a six-headed hydra

Illustrated notes

Levels and vault maps discovered:
D:1:      psy_arrival_radial01, layout_rooms,
          chequers_ecumenical_altar_simple_redux
D:2:      layout_rooms, basic_altar, grunt_ministairs_9,
          kennysheep_decorative_pillar
D:3:      layout_basic, amcnicky_altar_gilded, uniq_grinder
D:4:      layout_basic, serial_shops, nicolae_inconvenience_store,
          minmay_hollow_rounded_squares
D:5:      layout_basic, columned_hall_lemuel, uniq_eustachio
D:6:      layout_basic, slow_altar_1, st_stairs_14, uniq_pikel
D:7:      gammafunk_corrupted_shrine, layout_cave_pools, fedhas_altar_3,
          minmay_temple_entry_trees
D:8:      minmay_the_grid_octo_tiled_octocenter [minmay_the_grid_octo_chip,
          minmay_the_grid_octo_thin_diamonds, minmay_the_grid_octo_horde,
          minmay_the_grid_octo_clover,
          minmay_the_grid_octo_prize_square_snowflake,
          minmay_the_grid_square_5x5_bracketed,
          minmay_the_grid_square_5x5_n_small,
          minmay_the_grid_square_5x5_eight_small, minmay_the_grid_square_5x5_n],
          layout_basic, marbit_many_paths, uniq_psyche, uniq_gastronok
Temple:   hellmonk_temple_divided_pantheon

Skill      XL: |  1  2  3  4  5  6  7  8  9 10 |
---------------+-------------------------------+-----
Dodging        | 2 |  2.0
Fighting       | 3 4 5 6 9 10 12 | 12.4
Ranged Weapons | 5 6 7 9 10 11 | 11.9
Stealth        | |  1.9

Action                   |  1- 3 |  4- 6 |  7- 9 | 10-12 || total
-------------------------+-------+-------+-------+-------++-------
Melee: Shortbow          |       |       |       |    13 ||    13
 Fire: Shortbow          |    98 |   114 |   387 |   166 ||   765
  Use: Potion            |       |     1 |     2 |     2 ||     5
       Scroll            |       |     1 |    10 |     4 ||    15
Armor: Ring mail         |    22 |    15 |   139 |    48 ||   224
Dodge: Dodged            |    19 |    32 |   147 |    50 ||   248
Block: Other             |     9 |    18 |    59 |    18 ||   104
       Reflection        |     1 |     4 |       |       ||     5
